 Dungeon Crawl Stone Soup version 0.31-a0-45-g5f0c076935 (webtiles) character file.

Game seed: 11201073888258675311

54 Jeffwins the Caller (level 3, 0/23 HPs)
             Began as an Octopode Summoner on May 21, 2023.
             Slain by Ijyb
             ... wielding a +0 club
              (6 damage)
             ... on level 3 of the Dungeon.
             The game lasted 00:02:50 (1557 turns).

Jeffwins the Caller (Octopode Summoner)             Turns: 1557, Time: 00:02:51

Health: 0/23       AC:  1    Str:  7    XL:     3   Next: 91%
Magic:  4/6        EV: 14    Int: 19    God:
Gold:   62         SH:  0    Dex: 18    Spells: 1/7 levels left

rFire   . . .        o - +0 trident
rCold   . . .        (no shield)
rNeg    + . .        (helmet restricted)
rPois   .            (no amulet)
rElec   .            R - ring of resist corrosion
rCorr   +            X - +6 ring of dexterity
SInv    .            N - ring of positive energy
Will    .....        (no ring)
Stlth   ++++         (no ring)
HPRegen 0.23/turn    (no ring)
MPRegen 0.10/turn    (no ring)
                     (no ring)

%: no passive effects
@: no status effects
A: almost no armour, amphibious, 8 rings, camouflage 1, gelatinous body 1,
(nimble swimmer 1), tentacles
a: no special abilities


You were on level 3 of the Dungeon.
You visited 1 branch of the dungeon, and saw 3 of its levels.

You collected 62 gold pieces.


Innate Abilities, Weirdness & Mutations

You cannot wear most types of armour.
You are amphibious.
You can wear up to eight rings at the same time.
Your skin changes colour to match your surroundings (Stealth+).
Your rubbery body absorbs attacks. (AC +1, EV +1)
((You are camouflaged when in or above water. (Stealth+)))
You have tentacles for arms and can constrict up to eight enemies at once.


   Skills:
 + Level 1.0 Fighting
 + Level 2.3 Dodging
 + Level 3.3 Stealth
 * Level 2.5 Spellcasting
 * Level 4.5 Summonings


You had one spell level left.
You knew the following spells:

 Your Spells              Type           Power      Damage    Failure   Level
c - Call Canine Familiar  Summ           19%        N/A       8%          3
x - Call Imp              Summ           38%        N/A       3%          2
z - Summon Small Mammal   Summ           76%        N/A       2%          1

Your spell library contained the following spells:

 Spells                   Type           Power      Damage    Failure   Level
 Summon Guardian Golem    Hex/Summ       11%        N/A       19%         3
 Summon Lightning Spire   Summ/Air       11%        N/A       54%         4
 Anguish                  Hex/Necr       1%         N/A       85%         4
 Cause Fear               Hex            1%         N/A       85%         4
 Enfeeble                 Hex            1%         N/A       100%        7

Inventory:

Hand Weapons
 b - a +0 spear
 o - a +0 trident (weapon)
 p - a +0 flail of holy wrath
Missiles
 e - 6 poisoned darts
Jewellery
 F - a ring of fire
 N - a ring of positive energy (on tentacle)
 R - a ring of resist corrosion (left tentacle)
 X - a +6 ring of dexterity (right tentacle)
Scrolls
 g - a scroll of noise {unknown}
 j - a scroll of vulnerability {unknown}
 k - a scroll of enchant armour {unknown}
 l - a scroll of enchant weapon {unknown}
 m - a scroll of teleportation {unknown}
 n - a scroll of identify {unknown}
Potions
 a - a potion of magic
 c - a potion of mutation {unknown}
 d - a potion of cancellation {unknown}
 f - a potion of haste {unknown}
 h - a potion of lignification {unknown}
 i - 3 potions of curing {unknown}
 q - a potion of resistance {unknown}

Dungeon Overview and Level Annotations

Branches:
Dungeon (3/15)

Altars:

Annotations:
D:3 Ijyb

.# .# .#
##.###..
#.<...
#.####..####.#
#...g@.......#
#..###5.####.#
#..........<..
##.###<.####.#
#..# #..# #..#
#... #.###


You could see Ijyb (ally target) and a friendly cerulean imp (summoned).


Message History

You aren't carrying any items that you can evoke.
Unknown command.
Casting: Summon Small Mammal (safe; 2% risk of failure)
Confirm with . or Enter, or press ? or * to list all spells.
A tiny devil pulls itself out of the air.
Ijyb hits you with a +0 club.
Unknown command.
You hit Ijyb. Your grab misses Ijyb. Your squeeze misses Ijyb.
Ijyb is lightly wounded.
Ijyb closely misses you.
Unknown command.
You barely miss Ijyb. Your grab misses Ijyb.
Ijyb is lightly wounded.
Your cerulean imp hits Ijyb but does no damage.
Ijyb hits you with a +0 club.
Unknown command.
You hit Ijyb. You grab Ijyb. You squeeze Ijyb, but do no damage.
Ijyb is moderately wounded.
You constrict Ijyb, but do no damage.
Your cerulean imp hits Ijyb but does no damage.
Ijyb hits you with a +0 club.
* * * LOW HITPOINT WARNING * * *
Your cerulean imp hits Ijyb from afar with a -3 spear.
You completely miss Ijyb. You squeeze Ijyb.
Ijyb is heavily wounded.
You constrict Ijyb. Ijyb hits you with a +0 club.
* * * LOW HITPOINT WARNING * * *
Your cerulean imp hits Ijyb but does no damage.
Ijyb hits you with a +0 club.
You die...

Skill      XL: |  1  2  3 |
---------------+----------+-----
Stealth        | 3 |  3.3
Fighting       | 1 |  1.0
Dodging        | |  2.3
Spellcasting   | |  2.5
Summonings     | |  4.5

Action                     || total
---------------------------++-------
  Melee: Spear             ||    98
         Unarmed           ||     3
         Constrict         ||    20
         Tentacles         ||    13
         Trident           ||     8
         Punch             ||     1
   Cast: Summon Small Mamm ||     5
         Call Imp          ||     1
   Stab: Sleeping          ||    16
 Armour: Skin              ||     8
  Dodge: Dodged            ||    41

Levels and vault maps discovered:
D:1:      onia_arrival_zoo_common, layout_basic, serial_rivers,
          chequers_serial_rivers_marsh, chequers_serial_rivers_micro_d,
          chequers_serial_rivers_small_a, chequers_serial_rivers_micro_b,
          chequers_serial_rivers_micro_d, chequers_serial_rivers_room_b,
          minmay_misc_feat_nine_boxes
D:2:      layout_basic
D:3:      layout_loops_ring, mainiacjoe_overflow_chevrons,
          nicolae_overflow_hidden_temple, mainiacjoe_overflow_six_doors_small,
          hellmonk_no_cap, uniq_ijyb, uniq_robin

Notes
Turn   | Place    | Note
-------+----------+-------------------------------------------
     0 | D:1      | Jeffwins the Octopode Summoner began the quest for the Orb.
     0 | D:1      | Reached XP level 1. HP: 11/11 MP: 3/3
     6 | D:1      | Noticed a salamander
     6 | D:1      | Noticed a swamp drake
     6 | D:1      | Noticed a killer bee
     7 | D:1      | Noticed a black bear
   149 | D:1      | Reached XP level 2. HP: 11/17 MP: 5/5
   187 | D:1      | Learned a level 2 spell: Call Imp
   242 | D:1      | Reached skill level 3 in Stealth
   442 | D:1      | Reached XP level 3. HP: 22/22 MP: 6/6
   446 | D:1      | Learned a level 3 spell: Call Canine Familiar
  1411 | D:2      | Reached skill level 1 in Fighting
  1551 | D:3      | Noticed Ijyb
  1557 | D:3      | Slain by Ijyb

Vanquished Creatures
  An adder (D:2)
  A dart slug (D:1)
  5 bats
  3 giant cockroaches
  6 goblins
  5 hobgoblins
  2 jackals (D:1)
  A quokka (D:1)
  4 ball pythons
  2 frilled lizards
  4 kobolds
  5 rats
39 creatures vanquished.

Table legend: (Time is in decaauts)
 A = Elapsed time spent in this place.
 B = Non-inter-level travel time spent in this place.
 C = Inter-level travel time spent in this place.
 D = Time resting spent in this place.
 E = Time spent auto-exploring this place.
 F = Levels seen in this place.
 G = Mean time per level.
                   A        B        C        D        E       F      G
               +--------+--------+--------+--------+--------+-----+--------+
         Total |   1565 |   1502 |     63 |      0 |   1174 |   3 |  521.7 |
       Dungeon |   1565 |   1502 |     63 |      0 |   1174 |   3 |  521.7 |
               +--------+--------+--------+--------+--------+-----+--------+

Top non-repeatable levels by time:
     D:1: 827 daAuts
     D:2: 729 daAuts
     D:3: 9 daAuts

Table legend:
 A = Non-vault XP
 B = Vault XP
 C = Vault XP percentage of total XP
 D = Non-vault monster count
 E = Vault monster count
 F = Vault count percentage of total count
                 A         B        C        D         E       F
            +---------+---------+-------+---------+---------+-------
      Total |      78 |       0 |   0.0 |      39 |       0 |   0.0
            +---------+---------+-------+---------+---------+-------
        D:1 |      46 |       0 |   0.0 |      26 |       0 |   0.0
        D:2 |      32 |       0 |   0.0 |      13 |       0 |   0.0
            +---------+---------+-------+---------+---------+-------
